 Dungeon Crawl Stone Soup version 0.19-a0-628-g9200b3b (webtiles) character file.

1047 Stormphoenix the Blocker (level 8, -2/61 HPs)
             Began as a Mottled Draconian Gladiator on June 13, 2016.
             Slain by a steam dragon (3 damage)
             ... on level 5 of the Dungeon.
             The game lasted 00:08:53 (3700 turns).

Stormphoenix the Blocker (DrGl)                     Turns: 3700, Time: 00:08:54

Health: -2/61      AC:  9    Str: 16 (18) XL:     8   Next: 5%
Magic:  0/8        EV: 12    Int: 10 (11) God:
Gold:   322        SH:  0    Dex: 11      Spells: 0 memorised, 7 levels left

rFire  . . .     SeeInvis .     a - +1 flail
rCold  . . .     Gourm    .     (armour unavailable)
rNeg   . . .     Faith    .     (no shield)
rPois  .         Spirit   +     b - +0 hat
rElec  .         Dismiss  .     (no cloak)
rCorr  .         Reflect  .     f - +2 pair of gloves
SustAt .         Harm     .     (no boots)
MR     .....                    j - amulet of guardian spirit
Stlth  ++........               (no ring)
                                l - ring of stealth

@: not resistant to hostile enchantments, unstealthy
A: breathe sticky flame splash, unfitting armour, cold-blooded, AC +6
a: Breathe Sticky Flame


You were on level 5 of the Dungeon.
You were not hungry.

You visited 1 branch of the dungeon, and saw 5 of its levels.

You collected 322 gold pieces.

Inventory:

Hand Weapons
 a - a +1 flail (weapon)
Missiles
 c - 3 throwing nets (quivered)
Armour
 b - a +0 hat (worn)
 f - a +2 pair of gloves (worn)
Jewellery
 j - an amulet of guardian spirit (around neck)
 l - a ring of stealth (left hand)
 q - an uncursed ring of wizardry {unknown}
Scrolls
 e - a scroll of recharging
 g - a scroll of enchant armour {unknown}
 h - 4 scrolls of identify
 i - 2 scrolls of amnesia
 m - a scroll of enchant weapon
 n - a scroll of remove curse
 s - a scroll of blinking {unknown}
Potions
 o - a potion of curing
 t - a potion of might
Comestibles
 d - 4 bread rations
 k - 8 fruits
 r - a beef jerky


   Skills:
 - Level 2.1 Fighting
 + Level 7.9 Maces & Flails
 - Level 1.7 Throwing
 - Level 2.6 Dodging
   Level 11.1 Shields


You had 7 spell levels left.
You didn't know any spells.

Dungeon Overview and Level Annotations

Branches:
Dungeon (5/15)
 Temple: D:4-7

Altars:
Ashenzari
Cheibriados
Makhleb
Vehumet

Shops:
D:4 *

Annotations:
D:4 exclusion: statue


Innate Abilities, Weirdness & Mutations

You can spit globs of burning liquid.
You can ignite nearby creatures when you spit burning liquid.
Your weird mottled scales are hard. (AC +6)
Your body does not fit into most forms of armour.
You are cold-blooded and may be slowed by cold attacks.


Message History

You closely miss the steam dragon.
The steam dragon is lightly wounded.
The steam dragon bites you!
* * * LOW HITPOINT WARNING * * *
The steam dragon claws you.
* * * LOW HITPOINT WARNING * * *
The steam dragon closely misses you. The steam dragon barely misses you.
You closely miss the steam dragon.
The steam dragon is lightly wounded.
The steam dragon bites you but does no damage.
The steam dragon misses you. The steam dragon bites you.
* * * LOW HITPOINT WARNING * * *
The steam dragon closely misses you.
You closely miss the steam dragon. You tail-slap the steam dragon.
The steam dragon is lightly wounded.
The steam dragon bites you.
* * * LOW HITPOINT WARNING * * *
The steam dragon barely misses you. The steam dragon closely misses you.
The steam dragon claws you.
You die...

# #.......# # ########.......# #
##.)............# ##
####..#####........#######.
####....##≈≈^##...............
####....####≈P..≈#........#######
..##.#### #P.!..≈.#########.P≈≈P.
#..#(######....DPPP≈.≈P.P........
..........#≈...D@..........≈..≈≈≈
##...####.##.....^.PP≈P.#######PP
##### #..#≈^≈≈..######## ###
##(###P.###......# #
#...####...####.## #
###......######..#######
'...........................
#.##################..######
#......# #


You could see 2 steam dragons.

Vanquished Creatures
  The ghost of Xiguana the Ruffian, an amateur VSMo (D:4)
  2 ogres
  A phantom (D:4)
  A centaur (D:5)
  A crimson imp (D:5)
  A hound (D:4)
  An orc priest (D:5)
  2 jellies
  2 orc wizards (D:5)
  A giant frog skeleton (D:4)
  Natasha (twice) (D:2)
  3 worker ants (D:4)
  3 adders
  An ooze (D:1)
  An adder zombie (D:5)
  An adder skeleton (D:4)
  A worm (D:2)
  2 dart slugs (D:1)
  A giant gecko (D:1)
  5 orcs
  2 giant cockroaches
  2 goblins
  9 hobgoblins
  A kobold (D:3)
  2 quokkas
  A ball python skeleton (D:4)
  7 bats
  4 giant newts
  6 rats
67 creatures vanquished.

Vanquished Creatures (others)
  A quokka (D:5)
1 creature vanquished.

Grand Total: 68 creatures vanquished

Notes
Turn   | Place    | Note
--------------------------------------------------------------
     0 | D:1      | Stormphoenix the Draconian Gladiator began the quest for the Orb.
     0 | D:1      | Reached XP level 1. HP: 17/17 MP: 1/1
   118 | D:1      | Reached XP level 2. HP: 21/24 MP: 2/2
   746 | D:2      | Reached XP level 3. HP: 29/29 MP: 3/3
   912 | D:2      | Noticed Natasha
   915 | D:2      | Killed Natasha
   915 | D:2      | Reached XP level 4. HP: 30/36 MP: 4/4
   947 | D:2      | Noticed Natasha
   951 | D:2      | Killed Natasha
   951 | D:2      | Reached skill level 5 in Maces & Flails
  1272 | D:2      | Reached skill level 11 in Shields
  1272 | D:2      | Reached XP level 5. HP: 41/41 MP: 5/5
  1718 | D:3      | Found a shattered altar of Ashenzari.
  1935 | D:4      | Found a snail-covered altar of Cheibriados.
  1935 | D:4      | Noticed a phantom
  1971 | D:4      | Killed a phantom
  1971 | D:4      | Reached XP level 6. HP: 38/48 MP: 6/6
  2108 | D:4      | Noticed Xiguana's ghost (amateur VSMo)
  2269 | D:4      | Your scales start taking on a weird mottled colour.
  2269 | D:4      | Reached XP level 7. HP: 24/55 MP: 7/7
  2478 | D:4      | HP: 2/55 [bat (1)]
  2481 | D:4      | Killed Xiguana's ghost
  2484 | D:4      | HP: 2/55 [bat (1)]
  2937 | D:4      | Found a radiant altar of Vehumet.
  3065 | D:4      | Found Ixzuasok's General Store.
  3182 | D:5      | Entered Level 5 of the Dungeon
  3388 | D:5      | Found a burning altar of Makhleb.
  3584 | D:5      | Reached XP level 8. HP: 47/61 MP: 6/8
  3699 | D:5      | HP: 3/61 [steam dragon (3)]
  3700 | D:5      | HP: 1/61 [steam dragon (2)]
  3700 | D:5      | Slain by a steam dragon

Vault maps used:
D:1:      tarquinn_simple_flora_water_c
D:2:      first_bread, uniq_natasha
D:3:      ashenzari_altar_1
D:4:      vehumet_statue, lemuel_doored_altar, kennysheep_small_circle
D:5:      kennysheep_steamy, kennysheep_mini_moat, elyvilon_altar_4,
          minmay_temple_entry_large_hall

Skill      XL: |  1  2  3  4  5  6  7 |
---------------+----------------------+-----
Maces & Flails | 4 5 6 7 |  7.9
Shields        | 11 | 11.1
Fighting       | |  2.1
Throwing       | |  1.7
Dodging        | |  2.6

Action                   |  1- 3 |  4- 6 |  7- 9 || total
-------------------------+-------+-------+-------++-------
Melee: Flail             |    72 |   105 |    99 ||   276
       Tailslap          |     6 |    16 |    11 ||    33
  Use: Scroll            |     3 |     7 |       ||    10
       Potion            |     3 |     5 |     2 ||    10
 Stab: Sleeping          |     2 |     1 |       ||     3
  Eat: Meat ration       |       |     1 |       ||     1
       Chunk             |       |       |     4 ||     4
Armor: Skin              |    19 |    32 |    44 ||    95
Dodge: Dodged            |    36 |    73 |    88 ||   197
